 Dungeon Crawl Stone Soup version 0.28.0-47-ge53b351184 (webtiles) character file.

Game seed: 2306061192278947241

2401 firemarshallily the Thaumaturge (level 9, -25/55 HPs)
             Began as a Djinni Summoner on May 2, 2022.
             Was a High Priest of Ignis.
             Killed from afar by an acid dragon (30 damage)
             ... with a splash of acid
             ... on level 6 of the Dungeon.
             The game lasted 00:32:44 (8552 turns).

firemarshallily the Thaumaturge (Djinni Summoner)   Turns: 8552, Time: 00:32:44

Health: -25/55     AC:  3    Str:  7    XL:     9   Next: 75%
Gold:   270        EV: 12    Int: 22    God:    Ignis [*****.] SH:  0 Dex: 13

rFire   + + +      SeeInvis +   n - staff of air
rCold   x . .      Faith    .   (no shield)
rNeg    . . .      Spirit   .   r - +0 robe {Will+}
rPois   ∞          Reflect  .   (no helmet)
rElec   +          Harm     .   j - +0 cloak
rCorr   .          Rampage  .   (no gloves)
Will    +....                   (boots unavailable)
Stlth   ++........              (no amulet)
HPRegen 0.18/turn               g - ring of see invisible
MPRegen 0.00/turn               (no ring)

@: flying
A: sickness immunity, fire resistance 2, cold vulnerability 1, float, innate
caster, HP casting, extra vitality 1
a: Renounce Religion, Fiery Armour, Foxfire Swarm, Rising Flame


You were on level 6 of the Dungeon.
You worshipped Ignis.
Ignis was extremely pleased with you.
You visited 1 branch of the dungeon, and saw 7 of its levels.

You collected 270 gold pieces.

Inventory:

Hand Weapons
 e - a +2 dagger of venom
Missiles
 a - 2 boomerangs
 d - 411 stones
 p - 9 poisoned darts
Armour
 j - a +0 cloak (worn)
 r - a +0 robe of willpower (worn)
Magical Staves
 n - a staff of air (weapon)
Jewellery
 g - a ring of see invisible (left hand)
Wands
 i - a wand of iceblast (9)
 m - a wand of digging (7)
Scrolls
 c - 2 scrolls of enchant weapon
 h - a scroll of holy word
 k - 3 scrolls of magic mapping {unknown}
 l - a scroll of teleportation {unknown}
 o - a scroll of vulnerability {unknown}
 q - 2 scrolls of enchant armour {unknown}
Potions
 b - a potion of berserk rage
 f - 2 potions of lignification
 s - a potion of cancellation


   Skills:
 * Level 2.6 Staves
 * Level 3.0 Armour
 - Level 2.1 Dodging
 + Level 2.5 Stealth
 * Level 9.4 Spellcasting


You had 4 spell levels left.
You knew the following spells:

 Your Spells              Type           Power      Damage    Failure   Level
a - Summon Small Mammal   Summ           100%       N/A       1%          1
b - Call Imp              Summ           51%        N/A       1%          2
c - Call Canine Familiar  Summ           51%        N/A       1%          3
d - Summon Guardian Gole  Hex/Summ       51%        N/A       1%          3
e - Summon Lightning Spi  Summ/Air       67%        N/A       1%          4
f - Pain                  Necr           100%       1d9       1%          1
g - Corpse Rot            Necr/Air       100%       N/A       1%          2
h - Ensorcelled Hibernat  Hex/Ice        100%       N/A       1%          2
i - Airstrike             Air            33%        N/A       1%          4
Your spell library was empty.

Dungeon Overview and Level Annotations

Branches:
Dungeon (7/15)             Temple (0/1) D:4

Altars:
Ashenzari
Fedhas
Makhleb
Qazlal
Ru
Vehumet
Yredelemnul
Ignis

Shops:
D:5 [


Innate Abilities, Weirdness & Mutations

You are immune to sickness and miasma.
You are immune to poison.
Your flesh is very heat resistant. (rF++)
You are vulnerable to cold. (rC-)
You float through the air rather than walking.
You learn spells naturally, not from books.
Your magical power is your life essence.
You have superior vitality. (+4 MHP)


Message History

The wight hits your lightning spire but does no damage.
The wight barely misses your wolf. The killer bee misses your wolf.
The killer bee barely misses you.
The killer bee stings your lightning spire.
Your wolf bites the wight.
The killer bee misses your wolf. The killer bee stings you.
* * * LOW HITPOINT WARNING * * *
The killer bee stings your lightning spire but does no damage.
The wight barely misses your wolf.
Your wolf bites the wight.
The wight hits your lightning spire with a +3 battleaxe!
The wight barely misses your wolf. The killer bee completely misses you.
Your lightning spire shoots out a bolt of lightning at the wight!
The bolt of electricity hits the wight!
The wight is destroyed!
The wight dissolves into shadows!
The bolt of electricity hits the orc!!
The orc dies!
The orc's corpse dissolves into shadows!
The killer bee barely misses your lightning spire.
There is a stone staircase leading up here.
The killer bee stings you but does no damage.
The killer bee closely misses your wolf.
Your wolf bites the wight!
The killer bee stings your lightning spire!
The orc priest looks braver for a moment.
The acid dragon barely misses you. The acid dragon claws you.
* * * LOW HITPOINT WARNING * * *
The wight barely misses you.
Your guardian golem overheats!
The killer bee barely misses you.
The killer bee stings your lightning spire.
Flame seeps out of your guardian golem.
Your wolf bites the wight but does no damage.
You fly upwards.
There is a stone staircase leading down here.
As you read the scroll of fear, it crumbles to dust.
You assume a fearsome visage.
The acid dragon looks frightened!
The acid dragon spits acid at you. The splash of acid hits you!!
Ouch! That really hurt!
You die...

#######....# #.#......#
#........#.## ####.#......#
#.##........#####...........###
#.###.#..#..#....[...#..######.
#...........#.#......#..# #.
####........#........#..######.
#.....##.#................#.
#.....##..D#......#..#.##.#.
#####..........@......#.........
#........###.#.#.###........#...
#####..#.......#.# #............
#........#.#.###............
##.#.###........)...........
#.#.......#.#.#............
#######.#.##....#.#........#.....
................#............##..
#######.#.#...#.#......#.........


You could see an acid dragon (fleeing, catching breath).

Vanquished Creatures
  A hound (D:4)
  An orc wizard (D:3)
  A hound skeleton (D:5)
  An adder (D:6)
  A worm (D:3)
  An orc (D:3)
  A giant cockroach (D:2)
  A quokka (D:2)
  A bat (D:2)
  2 frilled lizards
  A rat (D:2)
12 creatures vanquished.

Vanquished Creatures (collateral kills)
  Eustachio (D:6)
  A steam dragon (D:7)
  2 water moccasins (D:7)
  A sky beast (D:6)
  2 necrophages
  4 ogres
  2 phantoms
  2 scorpions
  3 wights (D:7)
  A bullfrog zombie (D:7)
  3 hounds
  4 jellies
  2 orc priests (D:7)
  A bullfrog skeleton (D:3)
  Ijyb (D:3)
  An iguana (D:6)
  An orc wizard (D:7)
  3 killer bee zombies
  A hound zombie (D:5)
  A hound skeleton (D:5)
  4 adders
  4 gnolls (D:3)
  2 howler monkey skeletons
  An ufetubus (D:7)
  An adder skeleton (D:4)
  2 dart slugs
  14 orcs
  4 endoplasms
  2 giant cockroaches (D:1)
  3 goblins
  12 hobgoblins
  3 jackals (D:1)
  5 quokkas
  3 ball pythons
  4 bats
  4 frilled lizards
  5 kobolds
  7 rats
117 creatures vanquished.

Vanquished Creatures (others)
  A water moccasin (D:5)
  A wight (D:7)
  2 fungi (D:3)
  2 plants (D:3)
6 creatures vanquished.

Grand Total: 135 creatures vanquished

Notes
Turn   | Place    | Note
-------+----------+-------------------------------------------
     0 | D:1      | firemarshallily the Djinni Summoner began the quest for the
                  | Orb.
     0 | D:1      | Reached XP level 1. HP: 15/15 MP: 0/0
   330 | D:1      | Reached XP level 2. HP: 18/21 MP: 0/0
   651 | D:1      | Reached XP level 3. HP: 21/25 MP: 0/0
   651 | D:1      | Learned a level 1 spell: Pain
   776 | D:1      | Reached skill level 4 in Spellcasting
   781 | D:1      | Found a faded altar of an unknown god.
   804 | D:1      | Prayed at the altar of an unknown god.
   804 | D:1      | Became a worshipper of Ignis, the Dying Flame
  1262 | D:2      | Reached XP level 4. HP: 26/31 MP: 0/0
  1934 | D:3      | Reached XP level 5. HP: 11/35 MP: 0/0
  1934 | D:3      | Learned a level 2 spell: Corpse Rot
  2163 | D:3      | Found a sacrificial altar of Ru.
  2441 | D:3      | Noticed Ijyb
  2456 | D:3      | Killed Ijyb
  2457 | D:3      | Reached skill level 5 in Spellcasting
  2871 | D:3      | Reached XP level 6. HP: 33/40 MP: 0/0
  3021 | D:3      | Found a blossoming altar of Fedhas.
  3468 | D:4      | Noticed an ogre
  3480 | D:4      | Killed an ogre
  3546 | D:4      | Found a staircase to the Ecumenical Temple.
  3700 | D:4      | Reached skill level 6 in Spellcasting
  3713 | D:4      | Reached XP level 7. HP: 35/45 MP: 0/0
  3713 | D:4      | Learned a level 2 spell: Ensorcelled Hibernation
  4523 | D:4      | Found a basalt altar of Yredelemnul.
  4790 | D:5      | Entered Level 5 of the Dungeon
  4930 | D:5      | Noticed a water moccasin
  4946 | D:5      | Killed a water moccasin
  4947 | D:5      | Reached skill level 7 in Spellcasting
  4947 | D:5      | Reached XP level 8. HP: 41/50 MP: 0/0
  5597 | D:5      | Found Jecasmia's Armour Shoppe.
  5623 | D:5      | Reached skill level 8 in Spellcasting
  6791 | D:6      | Noticed Eustachio
  6849 | D:6      | Killed Eustachio
  7047 | D:6      | Reached XP level 9. HP: 44/55 MP: 0/0
  7047 | D:6      | Learned a level 4 spell: Airstrike
  7154 | D:6      | Reached skill level 9 in Spellcasting
  7351 | D:6      | Reached skill level 1 in Armour
  7424 | D:6      | Reached skill level 1 in Staves
  8061 | D:7      | Found a broken altar of Ashenzari.
  8494 | D:7      | Found a stormy altar of Qazlal.
  8497 | D:7      | Found a burning altar of Makhleb.
  8552 | D:6      | Killed from afar by an acid dragon

Illustrated notes

Levels and vault maps discovered:
D:1:      lemuel_arrival_hallway, layout_rooms, serial_curves, eino_curves_04,
          eino_curves_02, basic_ecumenical_altar, dk_noncrumbling_4,
          minmay_tall_x
D:2:      layout_rooms
D:3:      layout_loops_ring, nicolae_ru_awakened_eye, fedhas_altar_3, uniq_ijyb
D:4:      layout_basic, yredelemnul_altar_generic,
          minmay_temple_entry_statues_fountains
D:5:      layout_basic, serial_shops, nicolae_shop_behind_doors,
          kennysheep_generic_room_14
D:6:      layout_basic, nrook_mini_vaults, uniq_eustachio
D:7:      layout_basic, xom_teletrap_fun, mainiacjoe_overflow_alcove_2,
          grunt_temple_overflow_diamond, minmay_checkerbox

Skill      XL: |  1  2  3  4  5  6  7  8  9 |
---------------+----------------------------+-----
Spellcasting   | 4 5 6 7 8 9 |  9.4
Armour         | 3 |  3.0
Staves         | 2 |  2.6
Stealth        | 2 |  2.5
Dodging        | |  2.1

Action                   |  1- 3 |  4- 6 |  7- 9 || total
-------------------------+-------+-------+-------++-------
Melee: Unarmed           |     4 |       |       ||     4
       Dagger            |     4 |    23 |    40 ||    67
       Punch             |       |       |     2 ||     2
       Staff             |       |       |     5 ||     5
 Cast: Summon Small Mamm |    38 |    54 |    68 ||   160
       Call Imp          |     8 |    17 |    27 ||    52
       Pain              |     2 |     8 |     4 ||    14
       Call Canine Famil |       |    12 |    33 ||    45
       Summon Guardian G |       |       |     8 ||     8
       Summon Lightning  |       |       |     9 ||     9
       Airstrike         |       |       |     2 ||     2
  Use: Scroll            |       |     4 |     6 ||    10
 Stab: Distracted        |       |       |     1 ||     1
Armor: Robe              |     4 |     5 |    10 ||    19
Dodge: Dodged            |     9 |    11 |    32 ||    52
